Canucks vs Blackhawks

Created - December 22, 2019 at 22:01

Goals
1 2 3 T
Canucks 0 0 0 0
Blackhawks 1 0 2 3
Shots
1 2 3 T
Canucks 8 9 8 25
Blackhawks 13 10 10 33

1st period

1. Blackhawks , Erik Christensen 4 (Tyler Cuma 9) at 5:42

Penalties :
Michael Raffl (Van) for Interference (Minor) at 11:10, Chris Kreider (Chi) for Roughing (Minor) at 16:36

2nd period

No Goal

Penalties :
Robert Nilsson (Van) for Holding (Minor) at 9:19, Tyler Cuma (Chi) for Interference (Minor) at 12:29

3rd period

2. Blackhawks , Gabriel Bourque 2 (David Jones 4, Michael Latta 2) at 9:07
3. Blackhawks , John Carlson 4 (Erik Christensen 8) at 15:29

Penalties :
Rick Nash (Chi) for Interference (Minor) at 1:55, Danny DeKeiser (Van) for Hooking (Minor) at 6:09, Marc Savard (Van) for Hooking (Minor) at 10:29

Goalie Stats

Jacob Markstrom (Van), 30 saves from 33 shots - (0.909), L, 10-12-2, 60:00 minutes
Jimmy Howard (Chi), 25 saves from 25 shots - (1.000), W, 11-8-4, 60:00 minutes

Players Stats for Canucks

Player Name              G  A  P  +/- PIM S  H  SB GA TA FO     MP     PP MP  PK MP  
------------------------------------------------------------------------------------
Alex Goligoski           0  0  0  -2  0   1  0  5  1  0  0/0    22:54   3:28   4:46 
Brad Boyes               0  0  0   0  0   0  3  0  2  0  0/1    13:18   0:07   4:46 
Brandon Sutter           0  0  0  -2  0   1  0  1  0  0  10/15  15:15   0:44   1:15 
Christoph Bertschy       0  0  0   0  0   0  1  2  0  0  2/3    10:12   0:00   0:00 
Danny DeKeiser           0  0  0  -2  2   0  0  0  0  0  0/0    20:12   2:29   2:34 
Darren Helm              0  0  0   0  0   0  1  1  0  0  1/1     7:59   0:00   1:05 
Drew Fata                0  0  0  -1  0   1  2  0  1  1  0/0    25:38   2:29   3:10 
Jamie McBain             0  0  0  -1  0   4  2  2  1  0  0/0    27:30   3:28   4:46 
Jason Zucker             0  0  0  -1  0   0  1  0  1  0  0/1    17:31   3:18   0:00 
Jeremy Morin             0  0  0  -2  0   1  2  0  1  0  0/0    18:39   2:03   2:12 
Joni Pitkanen            0  0  0   0  0   1  1  0  0  0  0/0    11:28   0:00   0:00 
Jordie Benn              0  0  0   0  0   1  1  1  0  0  0/0    12:24   0:00   0:36 
Loui Eriksson            0  0  0  -2  0   2  3  0  0  1  0/0    17:48   2:32   1:59 
Marc Savard              0  0  0   0  2   0  0  0  0  0  1/4    10:49   2:32   1:07 
Michael Raffl            0  0  0   0  2   1  1  0  0  0  0/1    10:12   0:00   0:00 
Nick Palmieri            0  0  0  -1  0   8  2  0  2  0  2/2    17:31   3:18   0:00 
Robert Nilsson           0  0  0  -1  2   0  1  0  3  0  18/32  22:15   3:04   3:28 
Steve Bernier            0  0  0   0  0   4  2  1  0  0  0/0    10:25   0:13   0:00 

Players Stats for Blackhawks

Player Name              G  A  P  +/- PIM S  H  SB GA TA FO     MP     PP MP  PK MP  
------------------------------------------------------------------------------------
Antoine Roussel          0  0  0   0  0   3  5  0  1  0  1/1    15:56   3:49   0:00 
Bobby Ryan               0  0  0   0  0   2  1  0  0  1  2/3    19:12   4:07   0:00 
Brandon Yip              0  0  0   2  0   0  1  1  0  0  0/0    10:52   0:00   1:37 
Chris Kreider            0  0  0   0  2   6  1  0  0  3  1/1    21:39   4:07   2:14 
David Jones              0  1  1   1  0   1  0  0  0  0  0/0     9:01   0:00   0:00 
Derick Brassard          0  0  0   0  0   4  1  0  1  0  15/31  19:12   4:07   0:00 
Erik Christensen         1  1  2   2  0   3  0  0  0  0  2/3     9:13   0:00   0:00 
Gabriel Bourque          1  0  1   1  0   1  0  0  0  0  0/0    10:33   0:00   1:30 
Jake McCabe              0  0  0   0  0   0  0  1  0  0  0/0    11:16   0:00   1:02 
John Carlson             1  0  1   2  0   2  2  2  0  1  0/0    25:35   5:11   0:29 
Matthew Spiller          0  0  0   1  0   1  1  0  0  0  0/0    19:01   0:00   3:48 
Michael Latta            0  1  1   1  0   1  1  0  0  0  0/5    11:14   0:00   1:34 
Mike Green               0  0  0   2  0   0  3  2  0  2  0/0    26:55   5:11   1:40 
Rick Nash                0  0  0   0  2   4  0  0  0  0  0/0    15:57   3:49   0:00 
Scott Gomez              0  0  0   0  0   2  2  0  0  1  5/16   19:22   3:49   3:26 
Seth Jones               0  0  0   0  0   2  0  4  0  1  0/0    16:03   2:45   2:19 
Tomas Fleischmann        0  0  0   2  0   1  0  1  0  0  0/0    11:25   0:00   1:33 
Tyler Cuma               0  1  1   1  2   0  1  2  0  3  0/0    21:34   2:45   2:36 

3 Stars

1 - Jimmy Howard (Chi)
2 - Erik Christensen (Chi)
3 - John Carlson (Chi)

Power Play

Canucks - 0 on 3 Attempt(s) - 0.00%
Blackhawks - 0 on 4 Attempt(s) - 0.00%

Penalty Kill

Canucks - 4 on 4 Attempt(s) - 100.00% - Score 0 goal in Penalty Kill
Blackhawks - 3 on 3 Attempt(s) - 100.00% - Score 0 goal in Penalty Kill

Team Stat

Canucks - Hits : 23 - Faceoff Wins : 34 - Blocked Shots : 13 - Penalty Minutes : 8
Blackhawks - Hits : 19 - Faceoff Wins : 26 - Blocked Shots : 13 - Penalty Minutes : 6

Official

Referees : Unknown
Linesman : Unknown

Game Notes

No Game Note

Finance

Level 1 -- Attendance: 4670 (77.83%) -- Ticket Income $513,700
Level 2 -- Attendance: 4285 (85.70%) -- Ticket Income $299,950
Level 3 -- Attendance: 1571 (78.55%) -- Ticket Income $70,695
Level 4 -- Attendance: 4000 (100.00%) -- Ticket Income $120,000
Luxury Box -- Attendance: 795 (79.50%) -- Ticket Income $151,050
Game was played at the Rexall Place.
Total Attendance: 15321 (85.12%)
Total Ticket Income: $1,155,395
Other Income: $173,309
Total Income: $1,328,704

Canucks

5 vs 5 Forward 
   Center                   Left Wing                Right Wing               Time % Phy DF OF 
 1 Robert Nilsson           Jason Zucker             Nick Palmieri            50     0   2  3  
 2 Brandon Sutter           Loui Eriksson            Jeremy Morin             35     1   2  2  
 3 Marc Savard              Darren Helm              Brad Boyes               10     1   2  2  
 4 Christoph Bertschy       Michael Raffl            Steve Bernier            5      1   2  2  

5 vs 5 Defense 
   Defense                  Defense                                           Time % Phy DF OF 
 1 Jamie McBain             Drew Fata                                         50     1   2  2  
 2 Alex Goligoski           Danny DeKeiser                                    35     1   2  2  
 3 Joni Pitkanen            Jordie Benn                                       10     1   2  2  
 4 Jamie McBain             Alex Goligoski                                    5      1   2  2  

PowerPlay Forward 
   Center                   Left Wing                Right Wing               Time % Phy DF OF 
 1 Robert Nilsson           Jason Zucker             Nick Palmieri            60     0   0  5  
 2 Marc Savard              Loui Eriksson            Jeremy Morin             40     0   0  4  

PowerPlay Defense
   Defense                  Defense                                           Time % Phy DF OF 
 1 Jamie McBain             Alex Goligoski                                    60     1   2  2  
 2 Drew Fata                Danny DeKeiser                                    40     1   2  2  

Penalty Kill 4 Players Forward 
   Center                   Wing                     Time % Phy DF OF 
 1 Robert Nilsson           Brad Boyes               60     1   2  2  
 2 Marc Savard              Loui Eriksson            40     1   2  2  

Penalty Kill 4 Players Defense
   Defense                  Defense                  Time % Phy DF OF 
 1 Jamie McBain             Alex Goligoski           60     1   2  2  
 2 Drew Fata                Danny DeKeiser           40     1   2  2  

Penalty Kill - 3 Players Forward 
   Forward                                           Time % Phy DF OF 
 1 Robert Nilsson                                    60     1   2  2  
 2 Loui Eriksson                                     40     1   2  2  

Penalty Kill - 3 Players Defense
   Defense                  Defense                  Time % Phy DF OF 
 1 Jamie McBain             Alex Goligoski           60     1   2  2  
 2 Drew Fata                Danny DeKeiser           40     1   2  2  

4 vs 4 Forward 
   Center                   Wing                     Time % Phy DF OF 
 1 Robert Nilsson           Jason Zucker             60     1   2  2  
 2 Marc Savard              Jeremy Morin             40     1   2  2  

4 vs 4 Defense
   Defense                  Defense                  Time % Phy DF OF 
 1 Jamie McBain             Alex Goligoski           60     1   2  2  
 2 Drew Fata                Danny DeKeiser           40     1   2  2  

Last Minutes Offensive
   Center                   Left Wing                Right Wing               Defense                  Defense                  
   Robert Nilsson           Jason Zucker             Nick Palmieri            Jamie McBain             Alex Goligoski           

Last Minutes Defensive
   Center                   Left Wing                Right Wing               Defense                  Defense                  
   Robert Nilsson           Jason Zucker             Nick Palmieri            Jamie McBain             Alex Goligoski           

Goaltenders
Starting : Jacob Markstrom          
Backup : Martin Jones             

Extra Forwards
Normal : Brandon Sutter, Steve Bernier, Jeremy Morin - PP : Brandon Sutter, Steve Bernier - PK : Jeremy Morin
Extra Defensemen
Normal : Danny DeKeiser, Jordie Benn, Drew Fata - PP : Jamie McBain - PK : Jordie Benn, Drew Fata
Penalty Shots
Robert Nilsson, Jason Zucker, Jeremy Morin, Loui Eriksson, Nick Palmieri

Scratches
Alex Stalock (Healthy)

Blackhawks

5 vs 5 Forward 
   Center                   Left Wing                Right Wing               Time % Phy DF OF 
 1 Derick Brassard          Chris Kreider            Bobby Ryan               40     1   2  2  
 2 Scott Gomez              Antoine Roussel          Rick Nash                30     1   2  2  
 3 Erik Christensen         Tomas Fleischmann        Brandon Yip              20     1   2  2  
 4 Michael Latta            Gabriel Bourque          David Jones              10     1   2  2  

5 vs 5 Defense 
   Defense                  Defense                                           Time % Phy DF OF 
 1 John Carlson             Mike Green                                        40     1   2  2  
 2 Tyler Cuma               Matthew Spiller                                   30     1   2  2  
 3 Seth Jones               Jake McCabe                                       20     1   2  2  
 4 John Carlson             Mike Green                                        10     1   2  2  

PowerPlay Forward 
   Center                   Left Wing                Right Wing               Time % Phy DF OF 
 1 Derick Brassard          Chris Kreider            Bobby Ryan               60     1   2  2  
 2 Scott Gomez              Antoine Roussel          Rick Nash                40     1   2  2  

PowerPlay Defense
   Defense                  Defense                                           Time % Phy DF OF 
 1 John Carlson             Mike Green                                        60     1   2  2  
 2 Tyler Cuma               Seth Jones                                        40     1   2  2  

Penalty Kill 4 Players Forward 
   Center                   Wing                     Time % Phy DF OF 
 1 Scott Gomez              Chris Kreider            60     1   2  2  
 2 Michael Latta            Tomas Fleischmann        40     1   2  2  

Penalty Kill 4 Players Defense
   Defense                  Defense                  Time % Phy DF OF 
 1 Tyler Cuma               Matthew Spiller          60     1   2  2  
 2 Mike Green               Seth Jones               40     1   2  2  

Penalty Kill - 3 Players Forward 
   Forward                                           Time % Phy DF OF 
 1 Scott Gomez                                       60     1   2  2  
 2 Derick Brassard                                   40     1   2  2  

Penalty Kill - 3 Players Defense
   Defense                  Defense                  Time % Phy DF OF 
 1 Mike Green               John Carlson             60     1   2  2  
 2 Mike Green               Seth Jones               40     1   2  2  

4 vs 4 Forward 
   Center                   Wing                     Time % Phy DF OF 
 1 Derick Brassard          Chris Kreider            60     1   2  2  
 2 Scott Gomez              Rick Nash                40     1   2  2  

4 vs 4 Defense
   Defense                  Defense                  Time % Phy DF OF 
 1 Mike Green               John Carlson             60     1   2  2  
 2 Tyler Cuma               Seth Jones               40     1   2  2  

Last Minutes Offensive
   Center                   Left Wing                Right Wing               Defense                  Defense                  
   Derick Brassard          Chris Kreider            Rick Nash                Mike Green               John Carlson             

Last Minutes Defensive
   Center                   Left Wing                Right Wing               Defense                  Defense                  
   Derick Brassard          Chris Kreider            Rick Nash                Mike Green               John Carlson             

Goaltenders
Starting : Jimmy Howard             
Backup : Ray Emery                

Extra Forwards
Normal : Tomas Fleischmann, Brandon Yip, David Jones - PP : Tomas Fleischmann, Brandon Yip - PK : Brandon Yip
Extra Defensemen
Normal : Seth Jones, Jake McCabe, John Carlson - PP : Matthew Spiller - PK : John Carlson, Seth Jones
Penalty Shots
Derick Brassard, Rick Nash, Chris Kreider, Mike Green, Antoine Roussel

Scratches
None


% Time on Ice - Canucks

Lines # - Real PCT - Wanted PCT - Time Play
Normal Forward
1 - 34% - 50% - 15:44
2 - 29% - 35% - 13:17
3 - 15% - 10% - 6:54
4 - 22% - 5% - 10:12
Normal Defense
1 - 40% - 50% - 18:36
2 - 33% - 35% - 15:23
3 - 25% - 10% - 11:28
4 - 1% - 5% - 0:40
PP Forward
1 - 57% - 60% - 3:25
2 - 43% - 40% - 2:32
PP Defense
1 - 58% - 60% - 3:28
2 - 42% - 40% - 2:29
PK Forward
1 - 75% - 60% - 5:57
2 - 25% - 40% - 1:59
PK Defense
1 - 60% - 60% - 4:46
2 - 40% - 40% - 3:10
PK3 Forward
1 - 0% - 60%
2 - 0% - 40%
PK3 Defense
1 - 0% - 60%
2 - 0% - 40%
44 Forward
1 - 0% - 60%
2 - 0% - 40%
44 Defense
1 - 0% - 60%
2 - 0% - 40%
Last Minute Offensive  - 0:00
Last Minute Defensive  - 0:00
Total
Forward - 60:00
Defense - 60:00

% Time on Ice - Blackhawks

Lines # - Real PCT - Wanted PCT - Time Play
Normal Forward
1 - 33% - 40% - 15:21
2 - 27% - 30% - 12:32
3 - 20% - 20% - 9:13
4 - 20% - 10% - 9:01
Normal Defense
1 - 43% - 40% - 19:38
2 - 33% - 30% - 15:20
3 - 21% - 20% - 9:29
4 - 4% - 10% - 1:40
PP Forward
1 - 52% - 60% - 4:07
2 - 48% - 40% - 3:49
PP Defense
1 - 65% - 60% - 5:11
2 - 35% - 40% - 2:45
PK Forward
1 - 83% - 60% - 4:55
2 - 17% - 40% - 1:02
PK Defense
1 - 73% - 60% - 4:21
2 - 27% - 40% - 1:36
PK3 Forward
1 - 0% - 60%
2 - 0% - 40%
PK3 Defense
1 - 0% - 60%
2 - 0% - 40%
44 Forward
1 - 0% - 60%
2 - 0% - 40%
44 Defense
1 - 0% - 60%
2 - 0% - 40%
Last Minute Offensive  - 0:00
Last Minute Defensive  - 0:00
Total
Forward - 60:00
Defense - 60:00

Play-by-Play

1st period


0:01 of 1st period - Robert Nilsson wins face-off versus Derick Brassard in neutral zone.
0:55 of 1st period - Slapshot by Seth Jones.
0:55 of 1st period - Stopped by Jacob Markstrom without a rebound.
0:56 of 1st period - Robert Nilsson wins face-off versus Erik Christensen in Canucks zone.
1:01 of 1st period - Snap shot by Robert Nilsson.
1:01 of 1st period - Shot Blocked by Seth Jones.
1:21 of 1st period - Off-side.
1:22 of 1st period - Chris Kreider wins face-off versus Marc Savard in neutral zone.
2:05 of 1st period - Icing by Rick Nash.
2:06 of 1st period - Brandon Sutter wins face-off versus Michael Latta in Blackhawks zone.
3:07 of 1st period - Wrist shot by Antoine Roussel.
3:07 of 1st period - Shot Misses the Net.
3:23 of 1st period - Wrist shot by Jeremy Morin.
3:23 of 1st period - Stopped by Jimmy Howard without a rebound.
3:24 of 1st period - Brandon Sutter wins face-off versus Derick Brassard in Blackhawks zone.
4:19 of 1st period - Mike Green is hit by Darren Helm and loses puck.
4:33 of 1st period - Scott Gomez is hit by Brad Boyes and loses puck.
4:47 of 1st period - Mike Green is hit by Brad Boyes and loses puck.
4:56 of 1st period - Snap shot by Antoine Roussel.
4:56 of 1st period - Stopped by Jacob Markstrom with a rebound.
5:12 of 1st period - Slapshot by Jamie McBain.
5:12 of 1st period - Deflect By Marc Savard.
5:12 of 1st period - Shot Blocked by Seth Jones.
5:12 of 1st period - Puck is out of play.
5:13 of 1st period - Derick Brassard wins face-off versus Robert Nilsson in Blackhawks zone.
5:22 of 1st period - Slapshot by Tyler Cuma.
5:22 of 1st period - Shot Misses the Net.
5:42 of 1st period - Wrist shot by Erik Christensen.
5:42 of 1st period - Deflect By Alex Goligoski.
5:42 of 1st period - Goal by Erik Christensen - Canucks : 0 - Blackhawks : 1.
5:43 of 1st period - Robert Nilsson wins face-off versus Derick Brassard in neutral zone.
6:33 of 1st period - Slapshot by John Carlson.
6:33 of 1st period - Shot Blocked by Steve Bernier.
6:35 of 1st period - Snap shot by Gabriel Bourque.
6:35 of 1st period - Shot Misses the Net.
6:37 of 1st period - Snap shot by John Carlson.
6:37 of 1st period - Shot Blocked by Christoph Bertschy.
6:48 of 1st period - Icing by Danny DeKeiser.
6:49 of 1st period - Scott Gomez wins face-off versus Marc Savard in Canucks zone.
7:21 of 1st period - Seth Jones is hit by Drew Fata and loses puck.
7:28 of 1st period - Jason Zucker is hit by Chris Kreider and loses puck.
8:54 of 1st period - Icing by Mike Green.
8:55 of 1st period - Derick Brassard wins face-off versus Brandon Sutter in Blackhawks zone.
9:09 of 1st period - Snap shot by Chris Kreider.
9:09 of 1st period - Stopped by Jacob Markstrom without a rebound.
9:10 of 1st period - Erik Christensen wins face-off versus Robert Nilsson in Canucks zone.
10:25 of 1st period - Wrist shot by Erik Christensen.
10:25 of 1st period - Stopped by Jacob Markstrom without a rebound.
10:26 of 1st period - Brandon Sutter wins face-off versus Derick Brassard in Canucks zone.
10:39 of 1st period - Snap shot by Derick Brassard.
10:39 of 1st period - Stopped by Jacob Markstrom with a rebound.
11:10 of 1st period - Minor Penalty to Michael Raffl for Interference.
11:11 of 1st period - Derick Brassard wins face-off versus Robert Nilsson in Canucks zone.
11:12 of 1st period - Slapshot by John Carlson.
11:12 of 1st period - Shot Blocked by Alex Goligoski.
11:14 of 1st period - Snap shot by Derick Brassard.
11:14 of 1st period - Stopped by Jacob Markstrom without a rebound.
11:15 of 1st period - Derick Brassard wins face-off versus Robert Nilsson in Canucks zone.
11:46 of 1st period - Slapshot by John Carlson.
11:46 of 1st period - Deflect By Rick Nash.
11:46 of 1st period - Stopped by Jacob Markstrom with a rebound.
11:48 of 1st period - Snap shot by Mike Green.
11:48 of 1st period - Deflect By Scott Gomez.
11:48 of 1st period - Stopped by Jacob Markstrom with a rebound.
11:50 of 1st period - Wrist shot by Rick Nash.
11:50 of 1st period - Shot Blocked by Alex Goligoski.
13:10 of 1st period - Penalty to Michael Raffl is over, Michael Raffl is back on ice.
13:16 of 1st period - Slapshot by Alex Goligoski.
13:16 of 1st period - Shot Blocked by Seth Jones.
13:18 of 1st period - Wrist shot by Michael Raffl.
13:18 of 1st period - Stopped by Jimmy Howard without a rebound.
13:19 of 1st period - Christoph Bertschy wins face-off versus Michael Latta in Blackhawks zone.
13:57 of 1st period - Jake McCabe is hit by Michael Raffl and loses puck.
15:01 of 1st period - Snap shot by David Jones.
15:01 of 1st period - Shot Misses the Net.
15:03 of 1st period - Snap shot by Michael Latta.
15:03 of 1st period - Stopped by Jacob Markstrom with a rebound.
15:05 of 1st period - Snap shot by Michael Latta.
15:05 of 1st period - Shot Blocked by Alex Goligoski.
15:07 of 1st period - Wrist shot by Matthew Spiller.
15:07 of 1st period - Stopped by Jacob Markstrom without a rebound.
15:08 of 1st period - Robert Nilsson wins face-off versus Derick Brassard in Canucks zone.
15:14 of 1st period - Wrist shot by Derick Brassard.
15:14 of 1st period - Deflect By Bobby Ryan.
15:14 of 1st period - Stopped by Jacob Markstrom without a rebound.
15:15 of 1st period - Robert Nilsson wins face-off versus Derick Brassard in Canucks zone.
15:20 of 1st period - Snap shot by Robert Nilsson.
15:20 of 1st period - Deflect By John Carlson.
15:20 of 1st period - Shot Misses the Net.
15:20 of 1st period - Puck is out of play.
15:21 of 1st period - Robert Nilsson wins face-off versus Bobby Ryan in Blackhawks zone.
15:22 of 1st period - Wrist shot by Nick Palmieri.
15:22 of 1st period - Stopped by Jimmy Howard without a rebound.
15:23 of 1st period - Derick Brassard wins face-off versus Robert Nilsson in Blackhawks zone.
15:30 of 1st period - Snap shot by Nick Palmieri.
15:30 of 1st period - Shot Blocked by John Carlson.
15:32 of 1st period - Snap shot by Nick Palmieri.
15:32 of 1st period - Stopped by Jimmy Howard with a rebound.
15:34 of 1st period - Slapshot by Nick Palmieri.
15:34 of 1st period - Shot Misses the Net.
15:36 of 1st period - Wrist shot by Drew Fata.
15:36 of 1st period - Stopped by Jimmy Howard with a rebound.
15:38 of 1st period - Slapshot by Nick Palmieri.
15:38 of 1st period - Shot Misses the Net.
15:40 of 1st period - Wrist shot by Robert Nilsson.
15:40 of 1st period - Deflect By Jason Zucker.
15:40 of 1st period - Shot Misses the Net.
15:40 of 1st period - Puck is out of play.
15:41 of 1st period - Brandon Sutter wins face-off versus Scott Gomez in Blackhawks zone.
15:50 of 1st period - Slapshot by Loui Eriksson.
15:50 of 1st period - Stopped by Jimmy Howard with a rebound.
15:56 of 1st period - Loui Eriksson is hit by Scott Gomez and loses puck.
16:07 of 1st period - Bobby Ryan is hit by Jason Zucker and loses puck.
16:12 of 1st period - Wrist shot by Nick Palmieri.
16:12 of 1st period - Stopped by Jimmy Howard without a rebound.
16:13 of 1st period - Derick Brassard wins face-off versus Robert Nilsson in Blackhawks zone.
16:18 of 1st period - Robert Nilsson is hit by Bobby Ryan.
16:30 of 1st period - Snap shot by Nick Palmieri.
16:30 of 1st period - Shot Blocked by Jake McCabe.
16:32 of 1st period - Slapshot by Danny DeKeiser.
16:32 of 1st period - Shot Misses the Net.
16:34 of 1st period - Slapshot by Danny DeKeiser.
16:34 of 1st period - Shot Blocked by Seth Jones.
16:36 of 1st period - Minor Penalty to Chris Kreider for Roughing.
16:37 of 1st period - Nick Palmieri wins face-off versus Scott Gomez in Blackhawks zone.
16:40 of 1st period - Snap shot by Nick Palmieri.
16:40 of 1st period - Stopped by Jimmy Howard without a rebound.
16:41 of 1st period - Robert Nilsson wins face-off versus Scott Gomez in Blackhawks zone.
16:49 of 1st period - Icing by Jamie McBain.
16:50 of 1st period - Robert Nilsson wins face-off versus Scott Gomez in Canucks zone.
18:36 of 1st period - Penalty to Chris Kreider is over, Chris Kreider is back on ice.
18:59 of 1st period - Slapshot by Derick Brassard.
18:59 of 1st period - Stopped by Jacob Markstrom with a rebound.
19:13 of 1st period - Scott Gomez is hit by Brad Boyes and loses puck.
19:46 of 1st period - Slapshot by Alex Goligoski.
19:46 of 1st period - Shot Misses the Net.
Goals for this period are 0 for Canucks vs 1 for Blackhawks.
Shots for this period are 8 for Canucks vs 13 for Blackhawks.

2nd period


0:01 of 2nd period - Robert Nilsson wins face-off versus Derick Brassard in neutral zone.
0:10 of 2nd period - Wrist shot by Nick Palmieri.
0:10 of 2nd period - Stopped by Jimmy Howard without a rebound.
0:11 of 2nd period - Derick Brassard wins face-off versus Robert Nilsson in Blackhawks zone.
0:11 of 2nd period - Derick Brassard is hit by Jamie McBain.
0:46 of 2nd period - Snap shot by Scott Gomez.
0:46 of 2nd period - Stopped by Jacob Markstrom with a rebound.
1:10 of 2nd period - Rick Nash is hit by Loui Eriksson and loses puck.
1:45 of 2nd period - Snap shot by Jamie McBain.
1:45 of 2nd period - Stopped by Jimmy Howard with a rebound.
1:57 of 2nd period - Snap shot by Loui Eriksson.
1:57 of 2nd period - Shot Misses the Net.
2:09 of 2nd period - Wrist shot by Rick Nash.
2:09 of 2nd period - Deflect By Antoine Roussel.
2:09 of 2nd period - Stopped by Jacob Markstrom with a rebound.
2:11 of 2nd period - Slapshot by Seth Jones.
2:11 of 2nd period - Deflect By Jamie McBain.
2:11 of 2nd period - Stopped by Jacob Markstrom with a rebound.
2:57 of 2nd period - Wrist shot by Antoine Roussel.
2:57 of 2nd period - Shot Blocked by Brandon Sutter.
2:59 of 2nd period - Wrist shot by Scott Gomez.
2:59 of 2nd period - Shot Misses the Net.
3:01 of 2nd period - Slapshot by Rick Nash.
3:01 of 2nd period - Stopped by Jacob Markstrom without a rebound.
3:02 of 2nd period - Robert Nilsson wins face-off versus Derick Brassard in Canucks zone.
3:11 of 2nd period - Snap shot by Robert Nilsson.
3:11 of 2nd period - Shot Blocked by Mike Green.
3:35 of 2nd period - Wrist shot by Tomas Fleischmann.
3:35 of 2nd period - Stopped by Jacob Markstrom with a rebound.
4:00 of 2nd period - Gabriel Bourque is hit by Steve Bernier and loses puck.
4:23 of 2nd period - Matthew Spiller is hit by Joni Pitkanen and loses puck.
4:27 of 2nd period - Icing by Matthew Spiller.
4:28 of 2nd period - Derick Brassard wins face-off versus Marc Savard in Blackhawks zone.
4:56 of 2nd period - Wrist shot by Chris Kreider.
4:56 of 2nd period - Shot Misses the Net.
4:58 of 2nd period - Snap shot by Derick Brassard.
4:58 of 2nd period - Deflect By Chris Kreider.
4:58 of 2nd period - Stopped by Jacob Markstrom without a rebound.
4:59 of 2nd period - Erik Christensen wins face-off versus Jason Zucker in Canucks zone.
5:02 of 2nd period - Wrist shot by Erik Christensen.
5:02 of 2nd period - Stopped by Jacob Markstrom with a rebound.
6:14 of 2nd period - Robert Nilsson is hit by Mike Green.
6:40 of 2nd period - Tyler Cuma is hit by Drew Fata and loses puck.
7:20 of 2nd period - Jake McCabe is hit by Nick Palmieri and loses puck.
7:31 of 2nd period - Seth Jones is hit by Jordie Benn and loses puck.
7:49 of 2nd period - Icing by Drew Fata.
7:50 of 2nd period - Scott Gomez wins face-off versus Christoph Bertschy in Canucks zone.
8:08 of 2nd period - Slapshot by Jamie McBain.
8:08 of 2nd period - Stopped by Jimmy Howard with a rebound.
8:10 of 2nd period - Slapshot by Steve Bernier.
8:10 of 2nd period - Stopped by Jimmy Howard with a rebound.
8:12 of 2nd period - Backhand shot by Jamie McBain.
8:12 of 2nd period - Stopped by Jimmy Howard without a rebound.
8:13 of 2nd period - Nick Palmieri wins face-off versus Derick Brassard in Blackhawks zone.
8:26 of 2nd period - Slapshot by Derick Brassard.
8:26 of 2nd period - Stopped by Jacob Markstrom with a rebound.
8:28 of 2nd period - Wrist shot by Chris Kreider.
8:28 of 2nd period - Stopped by Jacob Markstrom without a rebound.
8:29 of 2nd period - Scott Gomez wins face-off versus Brandon Sutter in Canucks zone.
8:47 of 2nd period - Brandon Sutter is hit by Antoine Roussel.
9:19 of 2nd period - Minor Penalty to Robert Nilsson for Holding.
9:20 of 2nd period - Derick Brassard wins face-off versus Brad Boyes in Canucks zone.
10:18 of 2nd period - Backhand shot by Antoine Roussel.
10:18 of 2nd period - Shot Blocked by Darren Helm.
10:20 of 2nd period - Wrist shot by Rick Nash.
10:20 of 2nd period - Stopped by Jacob Markstrom without a rebound.
10:21 of 2nd period - Darren Helm wins face-off versus Derick Brassard in Canucks zone.
10:56 of 2nd period - Darren Helm is hit by Tyler Cuma and loses puck.
11:19 of 2nd period - Penalty to Robert Nilsson is over, Robert Nilsson is back on ice.
11:32 of 2nd period - Snap shot by Jeremy Morin.
11:32 of 2nd period - Shot Blocked by Brandon Yip.
11:36 of 2nd period - Wrist shot by Brad Boyes.
11:36 of 2nd period - Shot Blocked by Tomas Fleischmann.
11:38 of 2nd period - Slapshot by Drew Fata.
11:38 of 2nd period - Shot Blocked by John Carlson.
12:05 of 2nd period - Drew Fata is hit by Mike Green and loses puck.
12:22 of 2nd period - Wrist shot by Brad Boyes.
12:22 of 2nd period - Shot Blocked by Mike Green.
12:24 of 2nd period - Slapshot by Drew Fata.
12:24 of 2nd period - Shot Misses the Net.
12:26 of 2nd period - Slapshot by Danny DeKeiser.
12:26 of 2nd period - Deflect By Robert Nilsson.
12:26 of 2nd period - Shot Misses the Net.
12:26 of 2nd period - Puck is out of play.
12:27 of 2nd period - Derick Brassard wins face-off versus Michael Raffl in Blackhawks zone.
12:29 of 2nd period - Minor Penalty to Tyler Cuma for Interference.
12:30 of 2nd period - Scott Gomez wins face-off versus Robert Nilsson in Blackhawks zone.
12:30 of 2nd period - Scott Gomez is hit by Robert Nilsson.
14:29 of 2nd period - Penalty to Tyler Cuma is over, Tyler Cuma is back on ice.
14:40 of 2nd period - Joni Pitkanen is hit by Mike Green and loses puck.
16:13 of 2nd period - Jordie Benn is hit by Matthew Spiller and loses puck.
16:30 of 2nd period - Jordie Benn is hit by Scott Gomez and loses puck.
17:13 of 2nd period - Slapshot by Nick Palmieri.
17:13 of 2nd period - Stopped by Jimmy Howard with a rebound.
17:29 of 2nd period - Snap shot by Joni Pitkanen.
17:29 of 2nd period - Stopped by Jimmy Howard with a rebound.
18:25 of 2nd period - Off-side.
18:26 of 2nd period - Christoph Bertschy wins face-off versus Michael Latta in neutral zone.
18:29 of 2nd period - Gabriel Bourque is hit by Jamie McBain and loses puck.
18:36 of 2nd period - Snap shot by Steve Bernier.
18:36 of 2nd period - Stopped by Jimmy Howard with a rebound.
18:38 of 2nd period - Wrist shot by Steve Bernier.
18:38 of 2nd period - Stopped by Jimmy Howard without a rebound.
18:39 of 2nd period - Brandon Sutter wins face-off versus Derick Brassard in Blackhawks zone.
18:54 of 2nd period - Bobby Ryan is hit by Jeremy Morin and loses puck.
Goals for this period are 0 for Canucks vs 0 for Blackhawks.
Shots for this period are 9 for Canucks vs 10 for Blackhawks.

3rd period


0:01 of 3rd period - Derick Brassard wins face-off versus Robert Nilsson in neutral zone.
0:26 of 3rd period - Scott Gomez is hit by Loui Eriksson and loses puck.
0:37 of 3rd period - Snap shot by Loui Eriksson.
0:37 of 3rd period - Shot Blocked by Tyler Cuma.
0:53 of 3rd period - Marc Savard is hit by Brandon Yip and loses puck.
1:08 of 3rd period - Snap shot by Chris Kreider.
1:08 of 3rd period - Shot Blocked by Alex Goligoski.
1:53 of 3rd period - Snap shot by Steve Bernier.
1:53 of 3rd period - Shot Misses the Net.
1:55 of 3rd period - Minor Penalty to Rick Nash for Interference.
1:56 of 3rd period - Robert Nilsson wins face-off versus Scott Gomez in Blackhawks zone.
2:03 of 3rd period - Snap shot by Jason Zucker.
2:03 of 3rd period - Shot Misses the Net.
2:05 of 3rd period - Slapshot by Jamie McBain.
2:05 of 3rd period - Stopped by Jimmy Howard without a rebound.
2:06 of 3rd period - Robert Nilsson wins face-off versus Scott Gomez in Blackhawks zone.
2:07 of 3rd period - Snap shot by Nick Palmieri.
2:07 of 3rd period - Stopped by Jimmy Howard without a rebound.
2:08 of 3rd period - Scott Gomez wins face-off versus Robert Nilsson in Blackhawks zone.
2:08 of 3rd period - Scott Gomez is hit by Nick Palmieri.
2:15 of 3rd period - Off-side.
2:16 of 3rd period - Robert Nilsson wins face-off versus Scott Gomez in neutral zone.
2:19 of 3rd period - Wrist shot by Alex Goligoski.
2:19 of 3rd period - Stopped by Jimmy Howard without a rebound.
2:20 of 3rd period - Robert Nilsson wins face-off versus Scott Gomez in Blackhawks zone.
2:49 of 3rd period - Slapshot by Jamie McBain.
2:49 of 3rd period - Shot Misses the Net.
3:55 of 3rd period - Penalty to Rick Nash is over, Rick Nash is back on ice.
4:02 of 3rd period - Snap shot by Matthew Spiller.
4:02 of 3rd period - Shot Blocked by Christoph Bertschy.
4:10 of 3rd period - Matthew Spiller is hit by Christoph Bertschy and loses puck.
4:52 of 3rd period - Icing by Jordie Benn.
4:53 of 3rd period - Robert Nilsson wins face-off versus Scott Gomez in Canucks zone.
4:53 of 3rd period - Robert Nilsson is hit by Antoine Roussel.
5:25 of 3rd period - Wrist shot by Scott Gomez.
5:25 of 3rd period - Shot Misses the Net.
5:37 of 3rd period - Slapshot by Seth Jones.
5:37 of 3rd period - Shot Blocked by Jamie McBain.
5:57 of 3rd period - Jason Zucker is hit by Derick Brassard and loses puck.
6:09 of 3rd period - Minor Penalty to Danny DeKeiser for Hooking.
6:10 of 3rd period - Derick Brassard wins face-off versus Robert Nilsson in Canucks zone.
6:45 of 3rd period - Slapshot by John Carlson.
6:45 of 3rd period - Deflect By Antoine Roussel.
6:45 of 3rd period - Shot Misses the Net.
6:45 of 3rd period - Puck is out of play.
6:46 of 3rd period - Marc Savard wins face-off versus Scott Gomez in Canucks zone.
7:03 of 3rd period - Snap shot by Antoine Roussel.
7:03 of 3rd period - Stopped by Jacob Markstrom without a rebound.
7:04 of 3rd period - Robert Nilsson wins face-off versus Derick Brassard in Canucks zone.
7:20 of 3rd period - Snap shot by Bobby Ryan.
7:20 of 3rd period - Shot Misses the Net.
8:09 of 3rd period - Penalty to Danny DeKeiser is over, Danny DeKeiser is back on ice.
8:23 of 3rd period - Wrist shot by Tomas Fleischmann.
8:23 of 3rd period - Shot Misses the Net.
8:28 of 3rd period - Off-side.
8:29 of 3rd period - Brandon Sutter wins face-off versus Scott Gomez in neutral zone.
8:44 of 3rd period - Slapshot by Antoine Roussel.
8:44 of 3rd period - Deflect By Rick Nash.
8:44 of 3rd period - Stopped by Jacob Markstrom with a rebound.
8:46 of 3rd period - Snap shot by Scott Gomez.
8:46 of 3rd period - Shot Hit the Post.
8:56 of 3rd period - Brandon Sutter is hit by Michael Latta and loses puck.
9:07 of 3rd period - Wrist shot by Gabriel Bourque.
9:07 of 3rd period - Goal by Gabriel Bourque - Canucks : 0 - Blackhawks : 2.
9:08 of 3rd period - Derick Brassard wins face-off versus Robert Nilsson in neutral zone.
9:19 of 3rd period - Snap shot by Chris Kreider.
9:19 of 3rd period - Stopped by Jacob Markstrom without a rebound.
9:20 of 3rd period - Bobby Ryan wins face-off versus Robert Nilsson in Canucks zone.
9:23 of 3rd period - Snap shot by Chris Kreider.
9:23 of 3rd period - Shot Blocked by Jamie McBain.
9:33 of 3rd period - Slapshot by Nick Palmieri.
9:33 of 3rd period - Stopped by Jimmy Howard with a rebound.
9:47 of 3rd period - Scott Gomez is hit by Loui Eriksson and loses puck.
9:58 of 3rd period - Brandon Sutter is hit by John Carlson and loses puck.
10:29 of 3rd period - Minor Penalty to Marc Savard for Hooking.
10:30 of 3rd period - Robert Nilsson wins face-off versus Derick Brassard in Canucks zone.
10:57 of 3rd period - Robert Nilsson is hit by Antoine Roussel and loses puck.
11:06 of 3rd period - Snap shot by Rick Nash.
11:06 of 3rd period - Shot Blocked by Alex Goligoski.
11:43 of 3rd period - Loui Eriksson is hit by Antoine Roussel and loses puck.
11:59 of 3rd period - Icing by Derick Brassard.
12:00 of 3rd period - Derick Brassard wins face-off versus Robert Nilsson in Blackhawks zone.
12:29 of 3rd period - Penalty to Marc Savard is over, Marc Savard is back on ice.
12:44 of 3rd period - Slapshot by Jordie Benn.
12:44 of 3rd period - Deflect By Tyler Cuma.
12:44 of 3rd period - Stopped by Jimmy Howard without a rebound.
12:45 of 3rd period - Brandon Sutter wins face-off versus Michael Latta in Blackhawks zone.
13:09 of 3rd period - Joni Pitkanen is hit by Antoine Roussel and loses puck.
13:53 of 3rd period - Snap shot by Loui Eriksson.
13:53 of 3rd period - Deflect By Brandon Sutter.
13:53 of 3rd period - Stopped by Jimmy Howard with a rebound.
14:27 of 3rd period - Snap shot by Steve Bernier.
14:27 of 3rd period - Shot Misses the Net.
14:29 of 3rd period - Snap shot by Steve Bernier.
14:29 of 3rd period - Stopped by Jimmy Howard with a rebound.
14:50 of 3rd period - Snap shot by Chris Kreider.
14:50 of 3rd period - Shot Misses the Net.
14:52 of 3rd period - Slapshot by Mike Green.
14:52 of 3rd period - Deflect By Derick Brassard.
14:52 of 3rd period - Shot Misses the Net.
14:52 of 3rd period - Puck is out of play.
14:53 of 3rd period - Bobby Ryan wins face-off versus Brandon Sutter in Canucks zone.
14:54 of 3rd period - Slapshot by John Carlson.
14:54 of 3rd period - Stopped by Jacob Markstrom without a rebound.
14:55 of 3rd period - Brandon Sutter wins face-off versus Derick Brassard in Canucks zone.
14:55 of 3rd period - Brandon Sutter is hit by John Carlson.
15:11 of 3rd period - Slapshot by Brandon Sutter.
15:11 of 3rd period - Shot Misses the Net.
15:29 of 3rd period - Slapshot by John Carlson.
15:29 of 3rd period - Goal by John Carlson - Canucks : 0 - Blackhawks : 3.
15:30 of 3rd period - Robert Nilsson wins face-off versus Derick Brassard in neutral zone.
15:43 of 3rd period - Wrist shot by Chris Kreider.
15:43 of 3rd period - Stopped by Jacob Markstrom with a rebound.
15:47 of 3rd period - Slapshot by Bobby Ryan.
15:47 of 3rd period - Stopped by Jacob Markstrom without a rebound.
15:48 of 3rd period - Antoine Roussel wins face-off versus Brandon Sutter in Canucks zone.
17:01 of 3rd period - Gabriel Bourque is hit by Steve Bernier and loses puck.
17:12 of 3rd period - Wrist shot by Michael Raffl.
17:12 of 3rd period - Shot Blocked by Tyler Cuma.
17:14 of 3rd period - Snap shot by Michael Raffl.
17:14 of 3rd period - Shot Misses the Net.
17:36 of 3rd period - Slapshot by Antoine Roussel.
17:36 of 3rd period - Shot Blocked by Jordie Benn.
18:28 of 3rd period - Wrist shot by Michael Latta.
18:28 of 3rd period - Deflect By David Jones.
18:28 of 3rd period - Stopped by Jacob Markstrom without a rebound.
18:29 of 3rd period - Brandon Sutter wins face-off versus Michael Latta in Canucks zone.
18:38 of 3rd period - John Carlson is hit by Jeremy Morin and loses puck.
19:03 of 3rd period - Wrist shot by Chris Kreider.
19:03 of 3rd period - Shot Misses the Net.
19:05 of 3rd period - Slapshot by Chris Kreider.
19:05 of 3rd period - Stopped by Jacob Markstrom without a rebound.
19:06 of 3rd period - Brandon Sutter wins face-off versus Derick Brassard in Canucks zone.
19:15 of 3rd period - Snap shot by Loui Eriksson.
19:15 of 3rd period - Stopped by Jimmy Howard without a rebound.
19:16 of 3rd period - Derick Brassard wins face-off versus Brandon Sutter in Blackhawks zone.
Goals for this period are 0 for Canucks vs 2 for Blackhawks.
Shots for this period are 8 for Canucks vs 10 for Blackhawks.